 Seeded DCSS version 0.29.1-1-gd02db6906a (webtiles) character file.

Game seed: 17845553201672341576 (custom seed)

39358 Iusername the Peltast (level 13, -4/116 HPs)
             Began as a Minotaur Fighter on Sept 22, 2022.
             Was an Elder of the Shining One.
             Slain by an 18-headed hydra (8 damage)
             ... on level 4 of the Lair of Beasts.
             The game lasted 00:36:30 (17545 turns).

Iusername the Peltast (Minotaur Fighter)           Turns: 17545, Time: 00:36:31

Health: -4/116     AC: 20    Str: 25    XL:     13   Next: 68%
Magic:  12/12      EV:  7    Int: 15    God:    the Shining One [****..]
Gold:   720        SH: 32    Dex: 13    Spells: 12/12 levels left

rFire   . . .      SeeInvis .   w - +4 hand axe (freeze)
rCold   . . .      Faith    .   k - +18 shield of the Gong {rElec rN+ Will+ EV-5}
rNeg    + + +      Spirit   .   f - +1 plate armour
rPois   .          Reflect  .   (helmet restricted)
rElec   +          Harm     .   (no cloak)
rCorr   .          Rampage  .   v - +0 pair of gloves
Will    +++..                   r - +2 pair of boots
Stlth   ..........              (no amulet)
HPRegen 0.29/turn               n - ring of Finality {Contam Will+ EV+4 Str+2 Int+7}
MPRegen 0.13/turn               E - ring of Simit {Contam +Blink Fly rN+ Will+ Int+3}

@: flying, glowing
A: horns 2, retaliatory headbutt
a: Renounce Religion, Evoke Blink, Divine Shield, Cleansing Flame


You were on level 4 of the Lair of Beasts.
You worshipped the Shining One.
The Shining One was greatly pleased with you.
You visited 3 branches of the dungeon, and saw 18 of its levels.
You visited 1 bazaar.

You collected 1271 gold pieces.
You spent 551 gold pieces at shops.

Inventory:

Hand Weapons
 w - a +4 hand axe of freezing (weapon)
Missiles
 o - 8 javelins
Armour
 f - a +1 plate armour (worn)
 k - the +18 shield of the Gong (worn) {rElec rN+ Will+ EV-5}
   (You acquired it on level 2 of the Dungeon)

   It is deafeningly noisy when blocking attacks.
   EV:        It affects your evasion (-5).
   rElec:     It insulates you from electricity.
   rN:        It protects you from negative energy.
   Will:      It increases your willpower.
 r - a +2 pair of boots (worn)
 v - a +0 pair of gloves (worn)
Jewellery
 m - a ring of protection from fire
 n - the ring of Finality (left hand) {Contam Will+ EV+4 Str+2 Int+7}
   (You acquired it on level 2 of the Dungeon)

   [ring of evasion]

   EV:        It affects your evasion (+4).
   Str:       It affects your strength (+2).
   Int:       It affects your intelligence (+7).
   Contam:    It causes magical contamination when unequipped.
   Will:      It increases your willpower.
 E - the ring of Simit (right hand) {Contam +Blink Fly rN+ Will+ Int+3}
   (You bought it in a shop on level 6 of the Dungeon)

   [ring of positive energy]

   Int:       It affects your intelligence (+3).
   rN:        It protects you from negative energy.
   Fly:       It grants you flight.
   +Blink:    It lets you blink.
   Contam:    It causes magical contamination when unequipped.
   Will:      It increases your willpower.
 H - a +6 ring of dexterity
 J - a +4 ring of protection
Wands
 b - a wand of polymorph (5)
 l - a wand of acid (5) (quivered)
 u - a wand of roots (10)
 G - a wand of paralysis (5)
Scrolls
 a - a scroll of amnesia {unknown}
 d - 3 scrolls of magic mapping
 e - 3 scrolls of noise {unknown}
 g - a scroll of fear
 j - 12 scrolls of teleportation
 y - 4 scrolls of immolation
 B - a scroll of summoning {unknown}
 C - a scroll of blinking
 F - a scroll of vulnerability {unknown}
 I - a scroll of butterflies
Potions
 c - a potion of lignification
 h - 2 potions of might
 i - 4 potions of curing
 p - 3 potions of invisibility
 q - a potion of magic
 s - a potion of resistance {unknown}
 x - a potion of mutation {unknown}
 A - 2 potions of brilliance {unknown}


   Skills:
 + Level 11.6 Fighting
 + Level 15.6 Axes
 + Level 2.2 Throwing
 + Level 10.5 Armour
 + Level 5.1 Dodging
 + Level 1.4 Stealth
 + Level 17.7 Shields
 + Level 1.1 Evocations


You had 12 spell levels left.
You didn't know any spells.
Your spell library contained the following spells:

 Spells                   Type           Power      Damage    Failure   Level
 Apportation              Tloc           0%         N/A       99%         1
 Necrotise                Necr           0%         1d4       99%         1
 Summon Small Mammal      Summ           0%         N/A       99%         1
 Call Canine Familiar     Summ           0%         N/A       100%        3
 Frozen Ramparts          Ice            0%         1d1       100%        3
 Stone Arrow              Conj/Erth      0%         3d7       100%        3
 Summon Guardian Golem    Hex/Summ       0%         N/A       100%        3
 Tukima's Dance           Hex            0%         N/A       100%        3
 Vampiric Draining        Necr           0%         2d6       100%        3
 Animate Armour           Summ/Erth      0%         N/A       100%        4
 Ice Form                 Ice/Tmut       0%         N/A       100%        4
 Olgreb's Toxic Radiance  Pois           0%         N/A       100%        4
 Passage of Golubria      Tloc           0%         N/A       100%        4
 Summon Ice Beast         Ice/Summ       0%         N/A       100%        4
 Summon Lightning Spire   Summ/Air       0%         N/A       100%        4
 Agony                    Necr           0%         N/A       100%        5
 Yara's Violent Unravell  Hex/Tmut       0%         3d3       100%        5
 Ozocubu's Refrigeration  Ice            0%         4d7       100%        7
 Storm Form               Tmut/Air       0%         N/A       100%        7
 Ignition                 Fire           0%         3d3       100%        8
 Lehudib's Crystal Spear  Conj/Erth      0%         10d2      100%        8
 Maxwell's Capacitive Co  Air            0%         ∞         100%        8


Dungeon Overview and Level Annotations

Branches:
Dungeon (12/15)            Temple (1/1) D:5            Lair (5/5) D:9
 Shoals (0/4) Lair:2       Spider (0/4) Lair:2        Slime (0/5) Lair:4
    Orc (0/2) D:9

Altars:
Ashenzari
Cheibriados
Dithmenos
Elyvilon
Fedhas
Gozag
Hepliaklqana
Kikubaaqudgha
Makhleb
Nemelex Xobeh
Okawaru
Qazlal
Ru
Sif Muna
Trog
Uskayaw
Vehumet
Wu Jian
Xom
Yredelemnul
Zin
The Shining One
Jiyva

Shops:
D:6 *=   D:9 ?   D:10 ?

Annotations:
Lair:4 3 runed translucent doors, XxsatanxX's ghost, journeyman MiBe


Innate Abilities, Weirdness & Mutations

You have a pair of horns on your head.
You reflexively headbutt those who attack you in melee.


Message History

You slice one of the 16-headed hydra's heads off!
The 15-headed hydra grows two more!
You slash the 17-headed hydra!
The 17-headed hydra seems to slow down.
You freeze the 17-headed hydra.
The 17-headed hydra is severely wounded.
You completely miss the elephant. You hit the komodo dragon.
The komodo dragon seems to slow down.
You freeze the komodo dragon. You block the elephant's attack.
PTOANNNG!
You block the elephant's attack.
SHROANNG!
You hack one of the 17-headed hydra's heads off!
The 16-headed hydra grows two more!
You hit the 18-headed hydra. You freeze the 18-headed hydra.
The 18-headed hydra is severely wounded.
You hit the elephant but do no damage.
You hit the komodo dragon but do no damage.
You block the 18-headed hydra's attack.
SHROANNG!
You block the 18-headed hydra's attack.
BOUMMMMG!
You block the 18-headed hydra's attack.
BONNNG!
The 18-headed hydra bites you but does no damage.
You block the 18-headed hydra's attack.
GONNNNG!
The 18-headed hydra bites you!
* * * LOW HITPOINT WARNING * * *
You block the 18-headed hydra's attack.
GONNNNG!
You block the 18-headed hydra's attack.
GONNNNG!
The 18-headed hydra bites you!
* * * LOW HITPOINT WARNING * * *
You block the 18-headed hydra's attack.
GONNNNG!
The 18-headed hydra bites you but does no damage. x3
The 18-headed hydra bites you.
* * * LOW HITPOINT WARNING * * *
The 18-headed hydra bites you!
You die...

###.........................##
.........#...................#
............................##
≈...........................##
~............................#
~.P.........................##
≈..^...#PP#.#.#.......>......#
~.#....#######.!.Y..........P#
~........# ##D@...........##
..P.....## #..÷l.÷........P#
........# ##.............##
.......## ##.###.....#.##
≈.#....## ##.##.##.###.#
≈.<.....# ### #####...#####
≈......####.#########....#
≈.....#..#.##PP#..##...###
≈...............)..>..##


You could see a 18-headed hydra (slow), an elephant and a komodo dragon (slow).

Vanquished Creatures
  A hydra (Lair:4)
  12 death yaks
  2 two-headed ogres (D:11)
  Sonja (D:11)
  A wolf spider (Lair:2)
  An ugly thing (D:11)
  2 oklob plants (Lair:3)
  10 elephants
  A molten gargoyle (Lair:4)
  A black mamba (Lair:1)
  5 cane toads
  A torpor snail (Lair:4)
  3 rime drakes
  6 komodo dragons
  3 kobold demonologists (D:11)
  7 trolls
  2 polar bears (Lair:3)
  A hornet (D:10)
  3 blink frogs (Lair:3)
  Prince Ribbit (Lair:3)
  2 slime creatures (Lair:4)
  A dream sheep (Lair:4)
  A snapping turtle (Lair:2)
  A jumping spider (Lair:2)
  A shadow (D:9)
  2 wraiths
  4 wyverns
  39 yaks
  3 basilisks
  Grum (D:9)
  3 vampire mosquitoes (D:11)
  A redback (Lair:2)
  Menkaure (D:4)
  Duvessa (D:6)
  13 water moccasins
  2 sky beasts
  7 orc warriors
  2 black bears
  2 ogres
  An ice beast (D:3)
  9 centaurs
  9 wolves
  2 phantoms
  4 kobold brigands
  3 necrophages
  20 bullfrogs
  4 scorpions
  10 wights
  Dowan (D:6)
  The ghost of videwesjr the Chopper, a weakling MiBe of Trog (D:3)
  14 killer bees
  4 electric eels
  2 howler monkeys
  9 hounds
  3 jellies
  2 orc priests
  7 orc wizards
  Ijyb (D:4)
  3 iguanas
  Robin (D:2)
  5 adders
  A shadow imp (D:5)
  An ufetubus (D:6)
  A worm (D:3)
  23 orcs
  4 ball pythons
  4 bats
  8 endoplasms
  6 giant cockroaches
  19 goblins
  8 hobgoblins
  3 jackals
  A quokka (D:5)
  2 frilled lizards
  28 kobolds
  5 rats
380 creatures vanquished.

Vanquished Creatures (others)
  A kobold (D:4)
  A bush (Lair:3)
  68 fungi
  57 plants
  2 withered plants (D:3)
129 creatures vanquished.

Grand Total: 509 creatures vanquished

Notes
Turn   | Place    | Note
-------+----------+-------------------------------------------
     0 | D:1      | Iusername the Minotaur Fighter began the quest for the Orb.
     0 | D:1      | Reached XP level 1. HP: 19/19 MP: 0/0
   289 | D:1      | Reached XP level 2. HP: 27/27 MP: 1/1
   333 | D:1      | Found a faded altar of an unknown god.
   882 | D:2      | Reached skill level 4 in Shields
  1145 | D:2      | Reached XP level 3. HP: 33/33 MP: 2/2
  1342 | D:2      | Noticed Robin
  1354 | D:2      | Killed Robin
  1358 | D:2      | Reached XP level 4. HP: 21/40 MP: 3/3
  1849 | D:2      | Identified 2 scrolls of acquirement
  1849 | D:2      | Acquired the ring of Finality {Contam Will+ EV+4 Str+2
                  | Int+7}
  1851 | D:2      | Acquired the +18 shield of the Gong {rElec rN+ Will+ EV-5}
  1851 | D:2      | Found the +18 shield of the Gong {rElec rN+ Will+ EV-5}
  1987 | D:3      | Found an opulent altar of Gozag.
  2136 | D:3      | Found a bloodstained altar of Trog.
  2136 | D:3      | Noticed an ice beast
  2150 | D:3      | Killed an ice beast
  2151 | D:3      | Reached XP level 5. HP: 38/47 MP: 4/4
  2345 | D:3      | Found a hazy altar of Hepliaklqana.
  2369 | D:3      | Found a runed translucent door.
  2376 | D:3      | Noticed videwesjr's ghost (weakling MiBe)
  2401 | D:3      | Killed videwesjr's ghost
  2827 | D:4      | Noticed a black bear
  2851 | D:4      | Killed a black bear
  2852 | D:4      | Reached skill level 5 in Axes
  2852 | D:4      | Reached skill level 5 in Armour
  2852 | D:4      | Reached skill level 5 in Shields
  2852 | D:4      | Reached XP level 6. HP: 15/53 MP: 5/5
  3213 | D:4      | Noticed Menkaure
  3225 | D:4      | Killed Menkaure
  3226 | D:4      | Reached skill level 1 in Dodging
  3226 | D:4      | Reached XP level 7. HP: 18/60 MP: 6/6
  3313 | D:4      | Reached skill level 6 in Shields
  3585 | D:4      | Found a white marble altar of Elyvilon.
  3819 | D:4      | Found a stormy altar of Qazlal.
  3819 | D:4      | Found a shimmering blue altar of Sif Muna.
  3987 | D:4      | Noticed Ijyb
  3993 | D:4      | Killed Ijyb
  4249 | D:5      | Entered Level 5 of the Dungeon
  4283 | D:5      | Reached skill level 5 in Fighting
  4358 | D:5      | Reached XP level 8. HP: 70/70 MP: 7/7
  4381 | D:5      | Found a staircase to the Ecumenical Temple.
  4416 | Temple   | Entered the Ecumenical Temple
  4576 | Temple   | Became a worshipper of the Shining One
  4641 | D:5      | Reached skill level 7 in Shields
  5009 | D:5      | Noticed a troll
  5024 | D:5      | Killed a troll
  5092 | D:5      | Reached skill level 8 in Shields
  5607 | D:6      | Found Vuddua's Fire Supplies.
  5692 | D:6      | Noticed Dowan
  5696 | D:6      | Noticed Duvessa
  5697 | D:6      | Reached XP level 9. HP: 78/78 MP: 8/8
  5701 | D:6      | Killed Dowan
  5712 | D:6      | Killed Duvessa
  5788 | D:6      | Found a snail-covered altar of Cheibriados.
  5850 | D:6      | Found Meithe's Jewellery Boutique.
  6283 | D:6      | Reached skill level 9 in Shields
  6966 | D:6      | Bought the ring of Simit {Contam +Blink Fly rN+ Will+
                  | Int+3} for 551 gold pieces
  7427 | D:7      | Reached skill level 10 in Shields
  7759 | D:8      | Reached * piety under the Shining One
  8303 | D:9      | Reached skill level 10 in Axes
  8332 | D:9      | Reached XP level 10. HP: 86/86 MP: 9/9
  8370 | D:9      | Reached skill level 11 in Shields
  8399 | D:9      | Noticed Grum
  8414 | D:9      | Killed Grum
  9001 | D:9      | Found a staircase to the Lair.
  9086 | D:9      | Identified the +0 helmet of Light {+Blink SInv Stlth-}
  9217 | D:9      | Found a staircase to the Orcish Mines.
  9272 | D:9      | You are sucked into a shaft and drop 3 floors!
  9437 | D:11     | Noticed a green ugly thing
  9438 | D:11     | Noticed a rust devil
  9444 | D:11     | Noticed an orange demon
  9445 | D:11     | Noticed a sun demon
  9446 | D:11     | Noticed a rust devil
  9452 | D:11     | Killed a green ugly thing
  9453 | D:11     | Reached skill level 12 in Shields
  9461 | D:11     | Noticed a soul eater
  9471 | D:11     | Noticed a rust devil
  9475 | D:11     | Noticed a smoke demon
  9482 | D:11     | Noticed a soul eater
  9482 | D:11     | Reached ** piety under the Shining One
  9502 | D:11     | Reached XP level 11. HP: 76/95 MP: 10/10
  9592 | D:11     | Noticed Sonja
  9600 | D:11     | Killed Sonja
  9601 | D:11     | Reached skill level 13 in Shields
  9893 | D:11     | Noticed a two-headed ogre
  9902 | D:11     | Killed a two-headed ogre
  9952 | D:11     | Noticed a two-headed ogre
  9957 | D:11     | Killed a two-headed ogre
 10042 | D:11     | Identified the +5 halberd "Sippiox" {freeze, Dex+4}
 10124 | D:11     | Found a flickering gateway to a bazaar.
 10351 | Bazaar   | Entered a bazaar
 10367 | Bazaar   | Found Pacleluta's Distillery.
 10368 | Bazaar   | Found Jeic's General Store.
 10413 | Bazaar   | Found Ciofuol's Antique Weapon Shoppe.
 10413 | Bazaar   | Found Vihesyt's Assorted Antiques.
 10466 | D:10     | Entered Level 10 of the Dungeon
 10466 | D:10     | Found an ancient bone altar of Kikubaaqudgha.
 10658 | D:10     | Found a shadowy altar of Dithmenos.
 10784 | D:10     | Found a sacrificial altar of Ru.
 10862 | D:10     | Found Paka's Magic Scroll Boutique.
 10945 | D:10     | Reached skill level 1 in Stealth
 10945 | D:10     | Reached skill level 14 in Shields
 11080 | D:10     | Found a blossoming altar of Fedhas.
 11354 | D:10     | Reached *** piety under the Shining One
 11507 | D:9      | Found Ympuwej's Magic Scroll Shop.
 11558 | Lair:1   | Entered Level 1 of the Lair of Beasts
 11667 | Lair:1   | Reached skill level 1 in Throwing
 12007 | Lair:1   | Reached XP level 12. HP: 104/104 MP: 11/11
 12361 | Lair:2   | Reached skill level 15 in Shields
 12477 | Lair:2   | Noticed a death yak
 12478 | Lair:2   | Noticed a death yak
 12478 | Lair:2   | Noticed a death yak
 12479 | Lair:2   | Noticed a death yak
 12479 | Lair:2   | Noticed a death yak
 12486 | Lair:2   | Noticed a death yak
 12501 | Lair:2   | Killed a death yak
 12514 | Lair:2   | Killed a death yak
 12529 | Lair:2   | Killed a death yak
 12533 | Lair:2   | Killed a death yak
 12533 | Lair:2   | Killed a death yak
 12534 | Lair:2   | Reached skill level 10 in Fighting
 12545 | Lair:2   | Killed a death yak
 13164 | Lair:2   | Found a hole to the Spider Nest.
 13703 | Lair:2   | Found a staircase to the Shoals.
 13801 | Lair:2   | Found a hazy altar of Hepliaklqana.
 14034 | Lair:3   | Reached skill level 16 in Shields
 14066 | Lair:3   | Noticed Prince Ribbit
 14077 | Lair:3   | Killed Prince Ribbit
 14111 | Lair:3   | Reached skill level 15 in Axes
 14432 | Lair:3   | Reached XP level 13. HP: 114/114 MP: 12/12
 14579 | Lair:3   | Reached skill level 10 in Armour
 15876 | Lair:3   | You are sucked into a shaft and drop 2 floors!
 15876 | Lair:5   | Entered Level 5 of the Lair of Beasts
 15876 | Lair:5   | Reached **** piety under the Shining One
 15963 | Lair:4   | Found a viscous altar of Jiyva.
 15964 | Lair:4   | Found a staircase to the Slime Pits.
 15983 | Lair:4   | Reached skill level 17 in Shields
 16017 | Lair:4   | Reached skill level 5 in Dodging
 16061 | Lair:4   | Reached skill level 1 in Evocations
 16773 | Lair:4   | Found a runed translucent gate.
 16773 | Lair:4   | Found a runed translucent gate.
 16775 | Lair:4   | Found a runed translucent gate.
 17000 | Lair:4   | Noticed XxsatanxX's ghost (journeyman MiBe)
 17545 | Lair:4   | HP: 4/116 [18-headed hydra (5)]
 17545 | Lair:4   | Slain by an 18-headed hydra

Illustrated notes

Levels and vault maps discovered:
D:1:      lordsloth_arrival_two_stooges, layout_basic,
          shapermc_ecumenical_altar_petra, dk_noncrumbling_4
D:2:      layout_basic, uniq_robin
D:3:      layout_loops_ring, nicolae_gozag_seed_capital,
          nzn_hepliaklqana_mist_gate, mainiacjoe_overflow_catwalk,
          gammafunk_ghost_grave, kennysheep_nub, chequers_serial_rivers_room_a,
          hangedman_abyss_or_decor_stabs
D:4:      layout_basic, elyvilon_altar_4, nicolae_overflow_two_pavilions,
          st_stairs_4, uniq_menkaure, uniq_ijyb
D:5:      minmay_chambers_of_fours, layout_loops_ring, minmay_temple_entry_tees
D:6:      minmay_angry_zag, layout_loops_corners, marbit_many_paths,
          serial_shops, nicolae_shop_window_shopping, nicolae_shop_fire_sale
          [nicolae_sub_dead_trees], ebering_dispersal_statue_hall, uniq_duvessa
D:7:      statuecave_lemuel, layout_cave_pods, serial_column_ruins,
          column_ruins_open_tiny, column_ruins_columns_straight,
          column_ruins_open_tiny, column_ruins_columns_straight
D:8:      layout_rooms, serial_aquarium, aquarium_bridge_straight
          [aquarium_subvault_bridge, aquarium_subvault_wall,
          aquarium_subvault_bridge, aquarium_subvault_wall],
          aquarium_bridge_island_small [aquarium_subvault_small_open,
          aquarium_subvault_window, aquarium_subvault_window,
          aquarium_subvault_bridge, aquarium_subvault_bridge],
          aquarium_window_fake, aquarium_window_2, aquarium_window_1,
          aquarium_window_2, aquarium_view_2c, aquarium_view_2c,
          aquarium_pool_double
D:9:      layout_basic, due_lair_maze_entry_diamond, serial_shops,
          nicolae_diamond_shop, uniq_grum
D:10:     layout_stronghold, kennysheep_mini, fedhas_ov_isle_minmay,
          amcnicky_altar_gilded, mainiacjoe_overflow_paths,
          hangedman_decor_opposing, nrook_uturn, minmay_misc_feat_roman,
          kennysheep_windowed_goal
D:11:     layout_roguey, serial_shops, bzr_in_the_mist, uniq_sonja
D:12:     layout_stronghold, roderic_batcave
Temple:   minmay_temple_curvy_loop
Lair:1:   layout_long_grid
Lair:2:   layout_loops_ring, minmay_shoals_entry_hut,
          spider_nest_entry_funnel_web, basic_altar, lemuel_fruit_fields
Lair:3:   layout_hall_layers, minivault_24, uniq_prince_ribbit2
Lair:4:   layout_gridlike, minmay_slime_entry_pillars,
          gammafunk_ghost_hydra_chop
Lair:5:   hellmonk_lair_end_abyssal_woods, layout_hall_layers,
          portal_ice_cave_entry_animals_and_master, uniq_nessos

Skill      XL: |  1  2  3  4  5  6  7  8  9 10 11 12 13 |
---------------+----------------------------------------+-----
Fighting       | 4 5 6 7 8 9 10 11 | 11.6
Armour         | 4 5 6 7 8 9 10 | 10.5
Shields        | 4 5 6 8 10 12 14 16 17 | 17.7
Axes           | 3 4 5 7 8 10 11 13 15 | 15.6
Dodging        | 1 2 3 4 5 |  5.1
Stealth        | 1 |  1.4
Throwing       | 1 2 |  2.2
Evocations     | 1 |  1.1

Action                   |  1- 3 |  4- 6 |  7- 9 | 10-12 | 13-15 || total
-------------------------+-------+-------+-------+-------+-------++-------
Melee: War axe           |    53 |    94 |   283 |   289 |       ||   719
       Headbutt          |     4 |    13 |    60 |   188 |    76 ||   341
       Hand axe          |       |       |       |   302 |   193 ||   495
Throw: Javelin           |       |     1 |       |     8 |       ||     9
Evoke: Wand              |       |       |       |       |     6 ||     6
  Use: Potion            |     1 |     2 |       |     3 |     7 ||    13
       Scroll            |       |     2 |    12 |     5 |     6 ||    25
Armor: Scale mail        |    24 |    23 |    50 |    53 |       ||   150
       Plate armour      |       |       |       |    43 |   119 ||   162
       Skin              |       |       |       |       |     2 ||     2
Dodge: Dodged            |    43 |    14 |    36 |    55 |    43 ||   191
Block: Buckler           |    16 |     1 |       |       |       ||    17
       Kite shield       |       |    99 |   433 |   700 |   324 ||  1556
